 Dungeon Crawl Stone Soup version 0.29.0-4-gdea44cf6ec (webtiles) character file.

Game seed: 15934584280482847263

755 qw the Cleaver (level 7, -1/41 HPs)
             Began as a Tengu Warper on Aug 28, 2022.
             Slain by a giant cockroach (2 damage)
             ... on level 4 of the Dungeon.
             The game lasted 00:00:35 (5289 turns).

qw the Cleaver (Tengu Warper)                       Turns: 5289, Time: 00:00:35

Health: -1/41      AC:  8    Str: 13    XL:     7   Next: 79%
Magic:  11/11      EV:  7    Int: 13    God:
Gold:   282        SH:  0    Dex: 14    Spells: 10/10 levels left

rFire   . . .      SeeInvis .   n - +0 war axe
rCold   . . .      Faith    .   (no shield)
rNeg    . . .      Spirit   .   k - +0 chain mail
rPois   .          Reflect  .   (helmet restricted)
rElec   .          Harm     .   (no cloak)
rCorr   .          Rampage  .   (no gloves)
Will    .....                   (boots unavailable)
Stlth   ..........              (no amulet)
HPRegen 0.13/turn               (no ring)
MPRegen 0.12/turn               (no ring)

@: about to teleport, flying quickly and evasively, quick
A: beak, talons 3, nimble flight
a: no special abilities


You were on level 4 of the Dungeon.
You visited 1 branch of the dungeon, and saw 4 of its levels.

You collected 282 gold pieces.


Innate Abilities, Weirdness & Mutations

You have a beak for a mouth.
You have claws for feet.
Your magical nature lets you fly swiftly and evasively.


   Skills:
 - Level 3.1 Fighting
 - Level 8.6 Axes
 + Level 1.5 Throwing
 - Level 2.1 Armour
 - Level 2.1 Dodging
 - Level 2.0 Spellcasting
 - Level 2.4 Translocations


You had 10 spell levels left.
You didn't know any spells.
Your spell library contained the following spells:

 Spells                   Type           Power      Damage    Failure   Level
 Blink                    Tloc           14%        N/A       99%         2
 Gell's Gravitas          Tloc           7%         N/A       100%        3
 Lesser Beckoning         Tloc           7%         N/A       100%        3
 Teleport Other           Tloc           7%         N/A       100%        3
 Manifold Assault         Tloc           7%         N/A       100%        5

Inventory:

Hand Weapons
 i - a +0 whip
 n - a +0 war axe (weapon)
Missiles
 g - 5 boomerangs (quivered)
 m - a javelin
Armour
 k - a +0 chain mail (worn)
Jewellery
 o - an amulet of faith
Scrolls
 a - a scroll of poison {unknown}
 e - 2 scrolls of identify
 p - a scroll of noise {unknown}
Potions
 b - a potion of experience {unknown}
 c - a potion of might
 f - a potion of heal wounds {unknown}
 h - a potion of brilliance {unknown}
 j - 2 potions of attraction {unknown}
 l - a potion of mutation {unknown}

Dungeon Overview and Level Annotations

Branches:
Dungeon (4/15)
 Temple: D:4-7

Altars:
Kikubaaqudgha
Sif Muna


Message History

You throw a boomerang. The boomerang barely misses the gnoll.
You hit the gnoll. Your peck misses the gnoll.
The gnoll is heavily wounded.
The gnoll hits you but does no damage.
You slash the gnoll!
You kill the gnoll!
You see here a +0 club.
m - a javelin A gnoll comes into view. It is wielding a +0 spear.
5279 ||| Stepping ~*~*~tactically~*~*~ (stealth).
A gnoll sergeant comes into view. It is wielding a +0 spear.
The gnoll sergeant shouts!
You hear a shout!
A gnoll comes into view.
It is wielding a +1 spear of distortion.
Found a scroll of identify.
The gnoll shouts!
The gnoll sergeant hits you with a +0 spear.
A giant cockroach comes into view.
You hit the gnoll sergeant but do no damage.
You claw the gnoll sergeant, but do no damage.
You peck the gnoll sergeant, but do no damage.
The gnoll sergeant blocks your attack.
The gnoll sergeant hits you but does no damage.
The gnoll hits you from afar with a +1 spear of distortion.
You barely miss the gnoll sergeant.
You claw the gnoll sergeant, but do no damage.
The gnoll sergeant hits you but does no damage.
The gnoll barely misses you.
You barely miss the gnoll sergeant. You claw the gnoll sergeant.
The gnoll sergeant blocks your attack.
The gnoll sergeant is lightly wounded.
The gnoll hits you from afar with a +1 spear of distortion.
Space warps horribly around you!
The gnoll sergeant hits you with a +0 spear!
5287 ||| READING scroll of teleportation.
As you read the scroll of teleportation, it crumbles to dust.
You feel strangely unstable.
The gnoll hits you from afar with a +1 spear of distortion.
You blink.
The giant cockroach bites you.
You die...

## ...######
.......g########
......g.gB@...?#
####ยค######.#
#.# # # ###.###
# #.....# #
.g####.....####
#...............
#######.....###.
#.....#


You could see a gnoll sergeant, 2 gnolls and a giant cockroach.

Vanquished Creatures
  2 phantoms (D:4)
  2 scorpions
  A water moccasin zombie (D:4)
  A centaur zombie (D:4)
  An orc priest (D:3)
  2 jellies (D:2)
  An iguana (D:4)
  A scorpion zombie (D:4)
  10 adders
  4 gnolls (D:4)
  2 adder zombies (D:4)
  4 worms
  2 dart slugs (D:3)
  6 orcs (D:3)
  10 ball pythons
  9 bats
  13 endoplasms
  A giant cockroach (D:2)
  10 goblins
  3 hobgoblins (D:1)
  2 quokkas (D:3)
  3 frilled lizards
  23 kobolds
  2 rats
115 creatures vanquished.

Vanquished Creatures (others)
  8 fungi (D:2)
  8 toadstools (D:2)
  4 withered plants (D:4)
20 creatures vanquished.

Grand Total: 135 creatures vanquished

Notes
Turn   | Place    | Note
-------+----------+-------------------------------------------
     0 | D:1      | qw the Tengu Warper began the quest for the Orb.
     0 | D:1      | Reached XP level 1. HP: 12/12 MP: 4/4
     0 | D:1      | 0 ||| qw: Version: 0.1-a-89-g26bdef1
     0 | D:1      | 0 ||| qw: Game counter: 2057
     0 | D:1      | 0 ||| qw: Always use a shield: true
     0 | D:1      | 0 ||| qw: God list: Okawaru
     0 | D:1      | 0 ||| qw: Allow faded altars: false
     0 | D:1      | 0 ||| qw: Do Orc after D:15 true
     0 | D:1      | 0 ||| qw: Do second Lair branch before Depths: true
     0 | D:1      | 0 ||| qw: Lair rune preference: random
     0 | D:1      | 0 ||| qw: Plans: Normal
     0 | D:1      | 0 ||| PLANNING D:1-11
    38 | D:1      | 38 ||| Stepping ~*~*~tactically~*~*~ (stealth).
    39 | D:1      | 39 ||| Stepping ~*~*~tactically~*~*~ (stealth).
    49 | D:1      | 49 ||| Stepping ~*~*~tactically~*~*~ (stealth).
    50 | D:1      | 50 ||| Stepping ~*~*~tactically~*~*~ (stealth).
    55 | D:1      | 55 ||| Stepping ~*~*~tactically~*~*~ (stealth).
    56 | D:1      | 56 ||| Stepping ~*~*~tactically~*~*~ (stealth).
    71 | D:1      | 71 ||| Stepping ~*~*~tactically~*~*~ (stealth).
    74 | D:1      | 74 ||| Stepping ~*~*~tactically~*~*~ (stealth).
    76 | D:1      | 76 ||| Stepping ~*~*~tactically~*~*~ (stealth).
    78 | D:1      | 78 ||| Stepping ~*~*~tactically~*~*~ (stealth).
    80 | D:1      | 80 ||| Stepping ~*~*~tactically~*~*~ (stealth).
    81 | D:1      | 81 ||| Stepping ~*~*~tactically~*~*~ (stealth).
    82 | D:1      | 82 ||| Stepping ~*~*~tactically~*~*~ (stealth).
    86 | D:1      | Reached XP level 2. HP: 15/17 MP: 6/6
   150 | D:1      | Reached skill level 3 in Axes
   490 | D:1      | 490 ||| DROPPING +0 club.
   503 | D:1      | Found a faded altar of an unknown god.
   722 | D:1      | Reached XP level 3. HP: 17/21 MP: 7/7
  1158 | D:1      | 1158 ||| UPGRADING to +0 scale mail.
  1168 | D:1      | 1168 ||| DROPPING +0 leather armour.
  1169 | D:1      | 1169 ||| READING scroll labelled KOOM NIURRERUT.
  1170 | D:1      | 1170 ||| READING scroll labelled DISEATAESK.
  1171 | D:1      | 1171 ||| READING scroll labelled IRCHAN MUUCWEPI.
  1172 | D:1      | 1172 ||| DROPPING scroll of blinking.
  1316 | D:2      | Reached skill level 4 in Axes
  1914 | D:2      | Reached XP level 4. HP: 10/26 MP: 8/8
  1918 | D:2      | HP: 6/26 [poisoned by an adder]
  2304 | D:2      | Identified the +1 ring mail of Valour {+Inv rPois Str-3
                  | Dex-4}
  2347 | D:2      | 2347 ||| Stepping ~*~*~tactically~*~*~ (stealth).
  2353 | D:2      | 2353 ||| Stepping ~*~*~tactically~*~*~ (stealth).
  2354 | D:2      | 2354 ||| Stepping ~*~*~tactically~*~*~ (stealth).
  2356 | D:2      | Reached skill level 5 in Axes
  2379 | D:2      | 2379 ||| FLEEEEING.
  2380 | D:2      | 2380 ||| FLEEEEING.
  2381 | D:2      | 2381 ||| FLEEEEING.
  2382 | D:2      | 2382 ||| FLEEEEING.
  2383 | D:2      | 2383 ||| FLEEEEING.
  2386 | D:2      | 2386 ||| FLEEEEING.
  2387 | D:2      | 2387 ||| FLEEEEING.
  2390 | D:2      | 2390 ||| FLEEEEING.
  2391 | D:2      | 2391 ||| FLEEEEING.
  2392 | D:2      | 2392 ||| FLEEEEING.
  2393 | D:2      | 2393 ||| FLEEEEING.
  2394 | D:2      | 2394 ||| FLEEEEING.
  2396 | D:2      | 2396 ||| FLEEEEING.
  2397 | D:2      | 2397 ||| FLEEEEING.
  2399 | D:2      | 2399 ||| FLEEEEING.
  2400 | D:2      | 2400 ||| FLEEEEING.
  2401 | D:2      | 2401 ||| FLEEEEING.
  2402 | D:2      | 2402 ||| FLEEEEING.
  2403 | D:2      | 2403 ||| FLEEEEING.
  2404 | D:2      | 2404 ||| FLEEEEING.
  2405 | D:2      | 2405 ||| FLEEEEING.
  2406 | D:2      | 2406 ||| FLEEEEING.
  2407 | D:2      | 2407 ||| FLEEEEING.
  2409 | D:2      | 2409 ||| STAIRDANCE
  2510 | D:1      | 2510 ||| UPGRADING to +0 chain mail.
  2520 | D:1      | 2520 ||| DROPPING +0 scale mail.
  2521 | D:1      | 2521 ||| DROPPING +1 ring mail of Valour {+Inv rPois Str-3
                  | Dex-4}.
  2522 | D:1      | 2522 ||| READING scroll labelled NASILI CUAGE.
  2523 | D:1      | 2523 ||| READING scroll labelled TEVUAR LATOIC.
  2524 | D:1      | 2524 ||| READING scroll labelled TEH TYGAUZXU.
  2525 | D:1      | 2525 ||| READING scroll labelled LOEWOER LIGG.
  2584 | D:2      | Gained mutation: Your magical nature lets you fly swiftly
                  | and evasively. [Tengu growth]
  2584 | D:2      | Reached XP level 5. HP: 27/30 MP: 9/9
  2775 | D:2      | 2775 ||| Stepping ~*~*~tactically~*~*~ (stealth).
  2778 | D:2      | 2778 ||| Stepping ~*~*~tactically~*~*~ (stealth).
  2806 | D:2      | 2806 ||| READING scroll labelled CUWNAPR QACI.
  2879 | D:3      | Reached skill level 6 in Axes
  3046 | D:3      | 3046 ||| Stepping ~*~*~tactically~*~*~ (stealth).
  3062 | D:3      | 3062 ||| Stepping ~*~*~tactically~*~*~ (stealth).
  3064 | D:3      | Found an ancient bone altar of Kikubaaqudgha.
  3070 | D:3      | Reached XP level 6. HP: 35/35 MP: 10/10
  3071 | D:3      | 3071 ||| Stepping ~*~*~tactically~*~*~ (hiding).
  3072 | D:3      | 3072 ||| Stepping ~*~*~tactically~*~*~ (hiding).
  3132 | D:3      | 3132 ||| READING scroll of enchant weapon.
  3132 | D:3      | 3132 ||| ENCHANTING +1 hand axe.
  3180 | D:3      | 3180 ||| Stepping ~*~*~tactically~*~*~ (stealth).
  3181 | D:3      | 3181 ||| Stepping ~*~*~tactically~*~*~ (stealth).
  3182 | D:3      | 3182 ||| Stepping ~*~*~tactically~*~*~ (stealth).
  3186 | D:3      | 3186 ||| Stepping ~*~*~tactically~*~*~ (stealth).
  3188 | D:3      | 3188 ||| Stepping ~*~*~tactically~*~*~ (stealth).
  3192 | D:3      | 3192 ||| Stepping ~*~*~tactically~*~*~ (stealth).
  3291 | D:3      | 3291 ||| Stepping ~*~*~tactically~*~*~ (hiding).
  3301 | D:3      | 3301 ||| FLEEEEING.
  3302 | D:3      | 3302 ||| FLEEEEING.
  3303 | D:3      | 3303 ||| FLEEEEING.
  3304 | D:3      | 3304 ||| FLEEEEING.
  3305 | D:3      | 3305 ||| FLEEEEING.
  3306 | D:3      | 3306 ||| FLEEEEING.
  3307 | D:3      | 3307 ||| FLEEEEING.
  3308 | D:3      | 3308 ||| FLEEEEING.
  3309 | D:3      | 3309 ||| FLEEEEING.
  3310 | D:3      | 3310 ||| FLEEEEING.
  3311 | D:3      | 3311 ||| FLEEEEING.
  3312 | D:3      | 3312 ||| FLEEEEING.
  3321 | D:3      | 3321 ||| FLEEEEING.
  3322 | D:3      | 3322 ||| FLEEEEING.
  3327 | D:3      | 3327 ||| FLEEEEING.
  3328 | D:3      | 3328 ||| FLEEEEING.
  3329 | D:3      | 3329 ||| FLEEEEING.
  3330 | D:3      | 3330 ||| FLEEEEING.
  3345 | D:3      | 3345 ||| FLEEEEING.
  3346 | D:3      | 3346 ||| FLEEEEING.
  3347 | D:3      | 3347 ||| FLEEEEING.
  3348 | D:3      | 3348 ||| FLEEEEING.
  3349 | D:3      | 3349 ||| FLEEEEING.
  3350 | D:3      | 3350 ||| FLEEEEING.
  3351 | D:3      | 3351 ||| FLEEEEING.
  3352 | D:3      | 3352 ||| FLEEEEING.
  3353 | D:3      | 3353 ||| FLEEEEING.
  3354 | D:3      | 3354 ||| FLEEEEING.
  3364 | D:3      | 3364 ||| STAIRDANCE
  3430 | D:2      | 3430 ||| DRINKING 2 green potions.
  3612 | D:3      | 3612 ||| Stepping ~*~*~tactically~*~*~ (stealth).
  4324 | D:3      | 4324 ||| SWAPPING to +0 war axe.
  4325 | D:3      | 4325 ||| DROPPING +2 hand axe.
  4326 | D:3      | 4326 ||| DRINKING 2 grey potions.
  4327 | D:3      | 4327 ||| READING 2 scrolls of identify.
  4327 | D:3      | 4327 ||| IDENTIFYING bubbling emerald potion
  4328 | D:3      | 4328 ||| DROPPING potion of degeneration.
  4329 | D:3      | 4329 ||| DROPPING potion of flight.
  4359 | D:4      | Reached skill level 7 in Axes
  4435 | D:4      | 4435 ||| Stepping ~*~*~tactically~*~*~ (stealth).
  4446 | D:4      | Reached XP level 7. HP: 35/40 MP: 11/11
  4540 | D:4      | Reached skill level 3 in Fighting
  4824 | D:4      | Reached skill level 8 in Axes
  5069 | D:4      | Found a shimmering blue altar of Sif Muna.
  5160 | D:4      | 5160 ||| FLEEEEING.
  5161 | D:4      | 5161 ||| FLEEEEING.
  5162 | D:4      | 5162 ||| FLEEEEING.
  5163 | D:4      | 5163 ||| FLEEEEING.
  5164 | D:4      | 5164 ||| FLEEEEING.
  5165 | D:4      | 5165 ||| FLEEEEING.
  5166 | D:4      | 5166 ||| FLEEEEING.
  5167 | D:4      | 5167 ||| FLEEEEING.
  5168 | D:4      | 5168 ||| FLEEEEING.
  5169 | D:4      | 5169 ||| FLEEEEING.
  5170 | D:4      | 5170 ||| FLEEEEING.
  5172 | D:4      | 5172 ||| FLEEEEING.
  5174 | D:4      | 5174 ||| FLEEEEING.
  5175 | D:4      | 5175 ||| FLEEEEING.
  5176 | D:4      | 5176 ||| FLEEEEING.
  5177 | D:4      | 5177 ||| FLEEEEING.
  5181 | D:4      | 5181 ||| FLEEEEING.
  5182 | D:4      | 5182 ||| FLEEEEING.
  5183 | D:4      | 5183 ||| FLEEEEING.
  5184 | D:4      | 5184 ||| FLEEEEING.
  5279 | D:4      | 5279 ||| Stepping ~*~*~tactically~*~*~ (stealth).
  5286 | D:4      | HP: 2/41 [gnoll sergeant/+0 spear (9)]
  5287 | D:4      | 5287 ||| READING scroll of teleportation.
  5289 | D:4      | Slain by a giant cockroach

Levels and vault maps discovered:
D:1:      psy_arrival_conway, layout_loops_ring,
          shapermc_ecumenical_altar_totnotflames
D:2:      cheibrodos_fertilizer, layout_basic, hex_medium
D:3:      layout_loops_corners, old_standard_altar, serial_glass,
          glass_columns_a, glass_columns_c, minivault_11
D:4:      layout_loops_ring, marbit_many_paths, serial_undead, serial_undead_b,
          serial_undead_b, serial_undead_b, serial_undead_e, serial_undead_f,
          saegor_snake_ambush

Skill      XL: |  1  2  3  4  5  6  7 |
---------------+----------------------+-----
Axes           | 3 4 5 6 7 8 |  8.6
Armour         | 2 |  2.1
Fighting       | 3 |  3.1
Throwing       | |  1.5
Dodging        | |  2.1
Spellcasting   | |  2.0
Translocations | |  2.4

Action                   |  1- 3 |  4- 6 |  7- 9 || total
-------------------------+-------+-------+-------++-------
Melee: Hand axe          |    98 |    87 |       ||   185
       Kick              |    14 |    37 |    18 ||    69
       Peck              |    12 |    17 |    11 ||    40
       Punch             |     2 |     3 |       ||     5
       War axe           |       |    24 |    53 ||    77
Throw: Boomerang         |     7 |       |     2 ||     9
       Javelin           |    16 |    39 |    13 ||    68
  Use: Scroll            |     3 |     7 |     1 ||    11
       Potion            |       |     2 |       ||     2
Armor: Leather armour    |    19 |       |       ||    19
       Scale mail        |    12 |     5 |       ||    17
       Chain mail        |       |    50 |    26 ||    76
Dodge: Dodged            |    52 |    40 |    14 ||   106

Table legend:
 A = Non-vault XP
 B = Vault XP
 C = Vault XP percentage of total XP
 D = Non-vault monster count
 E = Vault monster count
 F = Vault count percentage of total count
                 A         B        C        D         E       F
            +---------+---------+-------+---------+---------+-------
      Total |     653 |     426 |  39.5 |      85 |      30 |  26.1
            +---------+---------+-------+---------+---------+-------
        D:1 |      44 |       0 |   0.0 |      25 |       0 |   0.0
        D:2 |      49 |     113 |  69.8 |      18 |      19 |  51.4
        D:3 |     237 |       0 |   0.0 |      29 |       0 |   0.0
        D:4 |     323 |     313 |  49.2 |      13 |      11 |  45.8
            +---------+---------+-------+---------+---------+-------
